 Dungeon Crawl Stone Soup version 0.22-a0-406-g9ff8d77 (webtiles) character file.

109 Borgoz the Skirmisher (level 4, -6/29 HPs)
             Began as a Gargoyle Abyssal Knight on May 8, 2018.
             Was a Believer of Lugonu.
             Blown up by Ijyb (22 damage)
             ... with a wand of disintegration (10)
             ... on level 3 of the Dungeon.
             The game lasted 00:02:13 (1446 turns).

Borgoz the Skirmisher (Gargoyle Abyssal Knight)     Turns: 1446, Time: 00:02:13

Health: -6/29      AC:  9    Str: 16    XL:     4   Next: 89%
Magic:  6/6        EV: 11    Int: 12    God:    Lugonu [**....]
Gold:   160        SH:  0    Dex: 10    Spells: 3/3 levels left

rFire    . . .     SeeInvis .   a - +1 hand axe
rCold    . . .     Gourm    .   (no shield)
rNeg     + . .     Faith    .   h - +0 ring mail (curse)
rPois    ∞         Spirit   .   (no helmet)
rElec    +         Reflect  .   (no cloak)
rCorr    .         Harm     .   (no gloves)
MR       .....                  (no boots)
Stlth    ..........             (no amulet)
HPRegen  0.09/turn              j - ring of poison resistance
MPRegen  0.10/turn              (no ring)

@: no status effects
A: negative energy resistance 1, electricity resistance, unbreathing,
petrification resistance, rot immunity, AC +3
a: Depart the Abyss, Bend Space, Renounce Religion


You were on level 3 of the Dungeon.
You worshipped Lugonu.
Lugonu was pleased with you.
You were not hungry.

You visited 1 branch of the dungeon, and saw 3 of its levels.
You visited the Abyss 1 time.

You collected 160 gold pieces.

Inventory:

Hand Weapons
 a - a +1 hand axe (weapon)
Armour
 h - a cursed +0 ring mail (worn)
Jewellery
 j - a ring of poison resistance (left hand)
Scrolls
 d - a scroll of enchant armour {unknown}
 e - 5 scrolls of remove curse {unknown}
 f - a scroll of enchant weapon {unknown}
 k - 2 scrolls of identify {unknown}
 o - a scroll of fog {unknown}
Potions
 b - a potion of might {unknown}
 g - 3 potions of agility {unknown}
 i - a potion of berserk rage {unknown}
 m - a potion of brilliance {unknown}
 n - a potion of haste {unknown}
Comestibles
 c - 5 rations


   Skills:
 + Level 3.9 Fighting
 + Level 2.5 Axes
 + Level 3.0 Armour
 + Level 1.6 Dodging
 + Level 2.9 Invocations


You had 3 spell levels left.
You didn't know any spells.

Dungeon Overview and Level Annotations

Branches:
Dungeon (3/15)

Altars:

Annotations:
D:3 Ijyb


Innate Abilities, Weirdness & Mutations

You are resistant to torment.
Your stone body is resilient. (AC +3)
You are immune to poison.
You resist negative energy. (rN+)
You are resistant to electric shocks. (rElec)
You can survive without breathing.
You are immune to petrification.
You are immune to rotting.


Message History

Ijyb moves out of view.
You hit the hobgoblin.
The hobgoblin is almost dead.
The hobgoblin hits you but does no damage.
A rat comes into view.
You barely miss Ijyb. You hit the hobgoblin.
You kill the hobgoblin!
Lugonu accepts your kill.
You hit Ijyb but do no damage. Ijyb barely misses you.
You barely miss Ijyb.
Ijyb zaps a wand.
You are blasted!
It is a wand of disintegration (11).
You barely miss Ijyb.
Ijyb zaps a wand.
You are blasted!
You closely miss Ijyb. Ijyb hits you but does no damage. Ijyb hits you.
You closely miss Ijyb. You hit the rat.
You kill the rat!
Lugonu accepts your kill.
Ijyb zaps a wand.
You are blasted!
Ouch! That really hurt!
You die...

## ... #... .....##
......†#################
#g@................
################### #


You could see Ijyb.

Vanquished Creatures
  Terence (D:2)
  3 adders
  A worm (D:2)
  A dart slug (D:1)
  4 leopard geckos
  A ball python (D:2)
  2 giant cockroaches (D:2)
  6 goblins
  6 hobgoblins
  4 jackals
  6 kobolds
  2 quokkas (D:2)
  5 bats
  A frilled lizard (D:2)
  6 rats
49 creatures vanquished.

Notes
Turn   | Place    | Note
-------+----------+-------------------------------------------
     0 | Abyss:1  | Borgoz the Gargoyle Abyssal Knight began the quest for the Orb.
     0 | Abyss:1  | Reached XP level 1. HP: 14/14 MP: 2/2
    46 | Abyss:1  | Noticed a spatial maelstrom
    47 | D:1      | Escaped the Abyss
    92 | D:1      | Reached * piety under Lugonu
   165 | D:1      | Reached skill level 1 in Dodging
   165 | D:1      | Reached XP level 2. HP: 18/19 MP: 3/3
   787 | D:2      | Reached XP level 3. HP: 21/23 MP: 4/4
   930 | D:2      | Noticed Terence
   942 | D:2      | Killed Terence
   942 | D:2      | Reached XP level 4. HP: 21/29 MP: 5/5
  1248 | D:3      | Reached ** piety under Lugonu
  1437 | D:3      | Noticed Ijyb
  1446 | D:3      | Blown up by Ijyb

Vault maps used:
D:1:      lightli_iron_boxes
D:2:      first_ration, serial_curves, eino_curves_01, eino_curves_03,
          eino_curves_01, eino_curves_03, grunt_ministairs_11,
          kennysheep_generic_room_4, uniq_terence
D:3:      minmay_item_behind_shaft, minmay_cupped, uniq_ijyb

Skill      XL: |  1  2  3  4 |
---------------+-------------+-----
Dodging        | 1 |  1.6
Axes           | 2 |  2.5
Armour         | 3 |  3.0
Fighting       | |  3.9
Invocations    | |  2.9

Action                   |  1- 3 |  4- 6 || total
-------------------------+-------+-------++-------
Melee: Hand axe          |    98 |    68 ||   166
Invok: Depart the Abyss  |     1 |       ||     1
  Eat: Chunk             |       |     2 ||     2
Armor: Leather armour    |    11 |       ||    11
       Ring mail         |    36 |    33 ||    69
Dodge: Dodged            |    72 |    52 ||   124

Table legend:
 A = Spawn XP
 B = Non-spawn XP
 C = Spawn XP percentage of total XP
 D = Spawn monster count
 E = Non-spawn monster count
 F = Spawn count percentage of total count
 G = Total turns spent on level
                    A         B        C        D         E        F      G
               +---------+---------+-------+---------+---------+-------+---------
         Total |       0 |     156 |   0.0 |       0 |      49 |   0.0 |  1446
               +---------+---------+-------+---------+---------+-------+---------
           D:1 |       0 |      19 |   0.0 |       0 |      11 |   0.0 |   547
           D:2 |       0 |      98 |   0.0 |       0 |      29 |   0.0 |   619
           D:3 |       0 |      39 |   0.0 |       0 |       9 |   0.0 |   233
               +---------+---------+-------+---------+---------+-------+---------
